 Dungeon Crawl Stone Soup version 0.26.1-11-gd32895ea62 (webtiles) character file.

Game seed: 2217104235132417313

10331 Zeld the Geomancer (level 11, 0/54 HPs)
             Began as a Gargoyle Earth Elementalist on Sept 4, 2021.
             Was an Initiate of Gozag.
             Killed from afar by an acid dragon (8 damage)
             ... with a splash of acid
             ... on level 12 of the Dungeon.
             The game lasted 00:20:47 (18435 turns).

Zeld the Geomancer (Gargoyle Earth Elementalist)   Turns: 18435, Time: 00:20:49

Health: 0/54       AC: 22    Str: 12    XL:     11   Next: 60%
Magic:  3/32       EV: 14    Int: 19    God:    Gozag
Gold:   210        SH:  0    Dex: 12    Spells: 12/27 levels left

rFire    . . .     SeeInvis .   a - +9 dagger (venom)
rCold    . . .     Faith    .   (no shield)
rNeg     + . .     Spirit   .   l - +1 leather armour of Slovenliness {Dex+2}
rPois    ∞         Reflect  .   F - +2 helmet
rElec    +         Harm     .   r - +2 cloak
rCorr    .         Rampage  .   f - +2 pair of gloves
Will     .....                  (no boots)
Stlth    +++.......             (no amulet)
HPRegen  0.18/turn              B - ring of wizardry
MPRegen  0.23/turn              u - ring of magical power

@: gold aura
A: negative energy resistance 1, electricity resistance, unbreathing,
petrification resistance, miasma immunity, AC +8
a: Renounce Religion, Potion Petition, Call Merchant, Bribe Branch


You were on level 12 of the Dungeon.
You worshipped Gozag.
Gozag was aware of your devotion.
You visited 2 branches of the dungeon, and saw 13 of its levels.

You collected 3048 gold pieces.
You spent 1222 gold pieces at shops.
You paid 1616 gold pieces to Gozag.

Inventory:

Hand Weapons
 a - a +9 dagger of venom (weapon)
Missiles
 q - 243 stones (quivered)
Armour
 f - a +2 pair of gloves (worn)
 l - the +1 leather armour of Slovenliness (worn) {Dex+2}
   (You found it on level 9 of the Dungeon)

   It affects your dexterity (+2).
 r - a +2 cloak (worn)
 F - a +2 helmet (worn)
Jewellery
 u - a ring of magical power (right hand)
 B - a ring of wizardry (left hand)
Wands
 e - a wand of acid (6)
 i - a wand of disintegration (20)
 s - a wand of paralysis (6)
 w - a wand of enslavement (9)
 y - a wand of flame (58)
 A - a wand of polymorph (5)
 E - a wand of random effects (31)
Scrolls
 b - 7 scrolls of teleportation
 c - 2 scrolls of identify
 d - 4 scrolls of magic mapping
 h - 3 scrolls of blinking
 j - a scroll of fear
 k - a scroll of holy word
 m - 2 scrolls of enchant armour
 t - 7 scrolls of remove curse
Potions
 g - a potion of magic
 o - a potion of flight
 p - a potion of heal wounds
 v - 9 potions of curing
 x - 3 potions of might {unknown}
 z - a potion of brilliance {unknown}
 D - a potion of ambrosia {unknown}
 J - a potion of haste {unknown}


   Skills:
 + Level 6.6 Armour
 + Level 5.4 Dodging
 + Level 7.9 Stealth
 * Level 8.7 Spellcasting
 + Level 6.7 Conjurations
 - Level 1.0 Transmutations
 * Level 11.3 Earth Magic


You had 12 spell levels left.
You knew the following spells:

 Your Spells              Type           Power        Failure   Level
a - Sandblast             Erth           100%         1%          1
b - Passwall              Tmut/Erth      25%          1%          2
c - Stone Arrow           Conj/Erth      84%          1%          3
d - Petrify               Tmut/Erth      31%          3%          4
e - Lee's Rapid Deconstr  Erth           25%          1%          5

Your spell library contained the following spells:

 Spells                   Type           Power        Failure   Level
 Animate Skeleton         Necr           16%          4%          1
 Apportation              Tloc           16%          4%          1
 Corona                   Hex            8%           4%          1
 Summon Small Mammal      Summ           32%          4%          1
 Call Imp                 Summ           8%           6%          2
 Call Canine Familiar     Summ           8%           12%         3
 Summon Guardian Golem    Hex/Summ       8%           12%         3
 Summon Ice Beast         Ice/Summ       8%           38%         4
 Summon Lightning Spire   Summ/Air       8%           38%         4


Dungeon Overview and Level Annotations

Branches:
Dungeon (12/15)            Temple (1/1) D:6            Lair (0/6) D:9
    Orc (0/2) D:12

Altars:
Ashenzari
Cheibriados
Dithmenos
Elyvilon
Fedhas
Gozag
Hepliaklqana
Kikubaaqudgha
Makhleb
Nemelex Xobeh
Okawaru
Qazlal
Ru
Sif Muna
Trog
Uskayaw
Vehumet
Wu Jian
Xom
Yredelemnul
Zin
The Shining One

Shops:
D:4 (   D:8 ?   D:9 ?   D:11 (*:

Annotations:
D:7 2 runed translucent doors, exclusion: orange crystal statue
D:10 2 runed translucent doors, SpoonFarmer's ghost, journeyman HuCj
D:12 Snorg


Innate Abilities, Weirdness & Mutations

You are resistant to torment.
Your stone body is resilient. (AC +8)
You are immune to poison.
You resist negative energy. (rN+)
You are resistant to electric shocks. (rElec)
You can survive without breathing.
You are immune to petrification.
You are immune to miasma.


Message History

Unknown command.
Casting: Sandblast (safe; 1% risk of failure)
Confirm with . or Enter, or press ? or * to list all spells.
Aiming: Stone Arrow (safe; 1% risk of failure)
Press: ? - help, Shift-Dir - straight line, f - acid dragon
Aim: an acid dragon (catching its breath, 24% to evade)
The stone arrow hits the acid dragon!
The acid dragon is heavily wounded.
Unknown command.
Casting: Stone Arrow (safe; 1% risk of failure)
Confirm with . or Enter, or press ? or * to list all spells.
Aiming: Stone Arrow (safe; 1% risk of failure)
Press: ? - help, Shift-Dir - straight line, f/p - acid dragon
Aim: an acid dragon (heavily wounded, 24% to evade)
The stone arrow hits the acid dragon!
The acid dragon is almost dead.
The acid dragon spits acid at you. The splash of acid hits you!
You die...
Your body crumbles into a pile of gold.

#.......##.# #.##
###.....##.###.##
#.....##...#...
#.....####[####
#..)..##<[[#
#.....###### #.....#
##########.....#########
..yKyKD@$$..............
...YK#####.....#########
... #.....# . #######


You could see an acid dragon (catching breath), a sky beast, 2 killer bees and 3
kobolds.

Vanquished Creatures
  A hydra (D:12)
  An ugly thing (D:12)
  2 kobold demonologists (D:11)
  Prince Ribbit (D:8)
  Sigmund (D:3)
  4 yaks (D:12)
  A shadow (D:11)
  3 wyverns
  2 water moccasins
  8 orc warriors
  3 sky beasts
  A hornet zombie (D:12)
  6 ogres
  4 black bears
  2 phantoms
  4 ice beasts
  3 necrophages
  5 centaurs
  Blork the orc (D:6)
  2 big kobolds
  5 bullfrogs
  3 scorpions
  A water moccasin skeleton (D:8)
  12 killer bees
  19 wights
  5 howler monkeys
  A jelly (D:10)
  A bullfrog zombie (D:8)
  6 hounds
  3 quasits
  10 orc priests
  Crazy Yiuf (D:3)
  An iguana (D:8)
  Natasha (twice) (D:3)
  14 orc wizards
  7 worker ants
  A hound skeleton (D:6)
  2 worker ant zombies
  A howler monkey skeleton (D:7)
  12 adders
  9 gnolls
  2 shadow imps
  2 white imps
  An ufetubus (D:6)
  3 adder skeletons
  An adder zombie (D:5)
  A worm (D:5)
  3 dart slugs
  7 leopard geckos
  48 orcs
  7 giant cockroaches
  7 goblins
  6 hobgoblins
  19 jackals
  7 quokkas
  A ball python (D:6)
  6 bats
  5 frilled lizards
  18 kobolds
  A rat (D:3)
316 creatures vanquished.

Vanquished Creatures (others)
  An ice beast (D:5)
  A human (D:4)
  6 fungi (D:9)
  9 plants (D:9)
17 creatures vanquished.

Grand Total: 333 creatures vanquished

Notes
Turn   | Place    | Note
-------+----------+-------------------------------------------
     0 | D:1      | Zeld the Gargoyle Earth Elementalist began the quest for
                  | the Orb.
     0 | D:1      | Reached XP level 1. HP: 10/10 MP: 3/3
   431 | D:1      | Reached XP level 2. HP: 15/15 MP: 3/5
   942 | D:2      | Reached skill level 1 in Transmutations
   942 | D:2      | Reached skill level 4 in Earth Magic
  1066 | D:2      | Reached XP level 3. HP: 16/19 MP: 4/6
  1070 | D:2      | Learned a level 2 spell: Passwall
  1074 | D:2      | Learned a level 3 spell: Stone Arrow
  1273 | D:1      | Reached skill level 1 in Armour
  1273 | D:1      | Reached XP level 4. HP: 9/24 MP: 1/8
  1752 | D:2      | Reached XP level 5. HP: 28/28 MP: 2/9
  2310 | D:3      | Reached skill level 1 in Conjurations
  2833 | D:3      | Learned a level 4 spell: Petrify
  3098 | D:3      | Noticed Natasha
  3106 | D:3      | Killed Natasha
  3107 | D:3      | Reached skill level 5 in Earth Magic
  3309 | D:3      | Found a runed translucent door.
  3310 | D:3      | Noticed Crazy Yiuf
  3334 | D:3      | Noticed Sigmund
  3338 | D:3      | Noticed Natasha
  3352 | D:3      | Killed Natasha
  3353 | D:3      | Reached XP level 6. HP: 4/32 MP: 5/11
  3901 | D:3      | Killed Sigmund
  4198 | D:3      | Killed Crazy Yiuf
  4300 | D:4      | Reached XP level 7. HP: 31/36 MP: 12/12
  4380 | D:4      | Found an ancient bone altar of Kikubaaqudgha.
  4382 | D:4      | Noticed a human
  4384 | D:4      | Killed a human
  4680 | D:4      | Found Rariwk's Weapon Emporium.
  4698 | D:4      | Bought 24 stones for 31 gold pieces
  4854 | D:5      | Entered Level 5 of the Dungeon
  4854 | D:5      | Found a radiant altar of Vehumet.
  4929 | D:5      | Reached skill level 6 in Earth Magic
  4958 | D:5      | You fall into a shaft and drop 1 floor!
  4988 | D:6      | Noticed Blork the orc
  5004 | D:6      | Killed Blork the orc
  5399 | D:6      | Found a bloodstained altar of Trog.
  5515 | D:6      | Found a staircase to the Ecumenical Temple.
  5523 | Temple   | Entered the Ecumenical Temple
  5639 | Temple   | Became a worshipper of Gozag Ym Sagoz the Greedy
  5790 | D:6      | Reached XP level 8. HP: 21/41 MP: 14/14
  5965 | D:6      | Learned a level 5 spell: Lee's Rapid Deconstruction
  6333 | D:5      | Found a hide-covered altar of Uskayaw.
  6730 | D:5      | Reached skill level 5 in Spellcasting
  6730 | D:5      | Reached skill level 7 in Earth Magic
  6975 | D:5      | Found a basalt altar of Yredelemnul.
  7388 | D:5      | Found a shimmering altar of Xom.
  8302 | D:6      | Found a shimmering blue altar of Sif Muna.
  8659 | D:6      | Found a shimmering blue altar of Sif Muna.
  8696 | D:6      | Found a white marble altar of Elyvilon.
  8928 | D:7      | Reached skill level 5 in Stealth
  8930 | D:7      | Reached XP level 9. HP: 45/45 MP: 12/17
  9131 | D:6      | Reached skill level 8 in Earth Magic
  9561 | D:7      | Got an ancient steel ring
  9624 | D:7      | Found a runed translucent door.
  9632 | D:7      | Found the +10 tower shield of Ignorance {rN+ Int-4}
  9637 | D:7      | Found a runed translucent door.
 10307 | D:7      | Noticed an orange crystal statue
 11143 | D:8      | Reached skill level 9 in Earth Magic
 11249 | D:8      | Reached skill level 5 in Conjurations
 11249 | D:8      | Reached XP level 10. HP: 40/50 MP: 13/20
 11257 | D:8      | Noticed Prince Ribbit
 11610 | D:7      | Found a runed translucent door.
 11618 | D:7      | Reached skill level 5 in Armour
 11969 | D:7      | Found a runed translucent door.
 12307 | D:8      | Killed Prince Ribbit
 12511 | D:8      | Bought a scroll of identify for 28 gold pieces
 12511 | D:8      | Bought a scroll of teleportation for 42 gold pieces
 12511 | D:8      | Bought a scroll of identify for 28 gold pieces
 12511 | D:8      | Bought a scroll of identify for 28 gold pieces
 12511 | D:8      | Bought a scroll of enchant weapon for 105 gold pieces
 12517 | D:8      | Bought a scroll of teleportation for 42 gold pieces
 12521 | D:8      | Identified a scroll of acquirement
 12526 | D:8      | Acquired 827 gold pieces
 12533 | D:8      | Bought a scroll of teleportation for 42 gold pieces
 12554 | D:8      | Identified the ring of Faunwom {rElec AC+4} (You found it
                  | on level 7 of the Dungeon)
 13406 | D:9      | Bought a scroll of identify for 20 gold pieces
 13406 | D:9      | Bought a scroll of identify for 20 gold pieces
 13406 | D:9      | Bought a scroll of teleportation for 30 gold pieces
 13406 | D:9      | Bought a scroll of fear for 35 gold pieces
 13406 | D:9      | Bought a scroll of enchant armour for 75 gold pieces
 13464 | D:9      | Got a polished leather armour
 13475 | D:9      | Identified the +1 leather armour of Slovenliness {Dex+2}
                  | (You found it on level 9 of the Dungeon)
 13710 | D:9      | Found a staircase to the Lair.
 13815 | D:10     | Entered Level 10 of the Dungeon
 13988 | D:10     | Found a large runed translucent door.
 13989 | D:10     | Found a large runed translucent door.
 13990 | D:10     | Noticed SpoonFarmer's ghost (journeyman HuCj)
 14409 | D:10     | Reached skill level 10 in Earth Magic
 15475 | D:9      | Bought a scroll of holy word for 75 gold pieces
 15475 | D:9      | Bought a scroll of blinking for 75 gold pieces
 15475 | D:9      | Bought 3 scrolls of enchant armour for 225 gold pieces
 15475 | D:9      | Bought a scroll of remove curse for 30 gold pieces
 15475 | D:9      | Bought a scroll of blinking for 75 gold pieces
 15475 | D:9      | Bought a scroll of remove curse for 30 gold pieces
 15727 | D:11     | Reached XP level 11. HP: 45/54 MP: 2/22
 15851 | D:11     | Reached skill level 5 in Dodging
 16452 | D:11     | Found Ragu's Book Emporium.
 16510 | D:11     | Found Qopol's Assorted Antiques.
 16517 | D:11     | Bought a scroll of identify for 62 gold pieces
 16517 | D:11     | Bought a silver wand for 124 gold pieces
 16890 | D:11     | Found Qefig's Weapon Shop.
 16964 | D:12     | Noticed a four-headed hydra
 16970 | D:12     | Noticed Snorg
 17272 | D:12     | Noticed a green ugly thing
 17508 | D:12     | Killed a green ugly thing
 17509 | D:12     | Reached skill level 11 in Earth Magic
 18194 | D:12     | Killed a four-headed hydra
 18362 | D:12     | Found a staircase to the Orcish Mines.
 18435 | D:12     | Killed from afar by an acid dragon

Illustrated notes

Levels and vault maps discovered:
D:1:      minmay_arrival_open_corners, layout_basic, serial_forest,
          infiniplex_forest_clump_curved, infiniplex_forest_straight_1,
          infiniplex_forest_lined_corner, infiniplex_forest_zigzag_1,
          infiniplex_forest_straight_2, infiniplex_forest_clump_tiny
D:2:      layout_rooms, grunt_ministairs_10
D:3:      layout_rooms, minmay_splitting_lines, hangedman_decor_growths,
          feat_on_display, uniq_natasha, uniq_crazy_yiuf_cottage, uniq_sigmund
D:4:      layout_rooms, serial_shops, shop, minmay_hedge_maze, tgw_kikubaaqudgha
D:5:      wad_river_or_something, layout_loops_ring, xom_teletrap_fun,
          overflow_temple_1_default, fiery_altar_vehumet, grunt_decor_fettered,
          yredelemnul_altar_generic
D:6:      minmay_evil_eye, layout_loops_cross, lemuel_doored_altar,
          elyvilon_altar_3, led_sif_pool, minmay_temple_entry_waves,
          hangedman_decor_lopped, kennysheep_small_circle, uniq_blork_the_orc
D:7:      layout_rooms, nicolae_benzene_ring, minivault_4, serial_bayou_pond_d,
          corexii_item_surrounded_by_moat, chequers_guarded_unrand_ignorance
D:8:      layout_rooms, uniq_prince_ribbit1
D:9:      layout_gridville, grunt_lair_entry_orc_guard_hut
D:10:     layout_roguey, ebering_ghost_disaster_area, kennysheep_small_square
D:11:     layout_basic, serial_shops, nicolae_shop_trees, nicolae_shop_crystal,
          nicolae_shop_statue_plus
D:12:     layout_basic, orc_0_dummy, serial_shops, kennysheep_mini_moat,
          uniq_snorg
Temple:   eino_temple_scatter_basement

Skill      XL: |  1  2  3  4  5  6  7  8  9 10 11 |
---------------+----------------------------------+-----
Transmutations | 1 |  1.0
Earth Magic    | 4 5 6 7 9 10 11 | 11.3
Armour         | 1 2 3 4 6 |  6.6
Dodging        | 2 3 4 5 |  5.4
Spellcasting   | 3 4 5 6 7 8 |  8.7
Conjurations   | 1 2 3 5 6 |  6.7
Stealth        | 3 4 5 6 7 |  7.9

Action                   |  1- 3 |  4- 6 |  7- 9 | 10-12 || total
-------------------------+-------+-------+-------+-------++-------
Melee: Unarmed           |    66 |    28 |       |       ||    94
       Dagger            |       |    59 |   231 |   113 ||   403
 Cast: Sandblast         |    43 |    64 |   139 |    20 ||   266
       Stone Arrow       |       |     1 |    11 |   221 ||   233
       Petrify           |       |       |       |     4 ||     4
       Lee's Rapid Decon |       |       |       |     1 ||     1
Invok: Call Merchant     |       |       |       |     2 ||     2
  Use: Scroll            |       |       |    12 |    17 ||    29
 Stab: Sleeping          |       |     5 |     7 |       ||    12
       Distracted        |       |       |     1 |     3 ||     4
Armor: Robe              |    51 |    48 |   155 |    49 ||   303
       Leather armour    |       |       |       |    70 ||    70
Dodge: Dodged            |    89 |    80 |   254 |   175 ||   598
